 Dungeon Crawl Stone Soup version 0.20.0-8-g6b59dc7 (webtiles) character file.

329 Lici the Chiller (level 6, -4/41 HPs)
             Began as a Merfolk Ice Elementalist on June 2, 2017.
             Killed from afar by an orc wizard (7 damage)
             ... with a puff of frost
             ... on level 4 of the Dungeon.
             The game lasted 00:11:51 (3558 turns).

Lici the Chiller (Merfolk Ice Elementalist)         Turns: 3558, Time: 00:11:52

Health: -4/41      AC:  2    Str: 10    XL:     6   Next: 51%
Magic:  5/9        EV: 13    Int: 15    God:
Gold:   126        SH:  0    Dex: 14    Spells: 6/9 levels left

rFire    . . .     SeeInvis .   a - +3 glaive
rCold    . . .     Gourm    .   (shield currently unavailable)
rNeg     . . .     Faith    .   f - +0 robe
rPois    .         Spirit   .   (no helmet)
rElec    .         Reflect  .   (no cloak)
rCorr    .         Harm     .   (no gloves)
MR       .....                  (no boots)
Stlth    ++........             (no amulet)
Regen    0.2/turn               (no ring)
MPRegen  0.2/turn               (no ring)

@: no status effects
A: change form in water, swift swim, stealthy swim
a: no special abilities


You were on level 4 of the Dungeon.
You were not hungry.

You visited 1 branch of the dungeon, and saw 4 of its levels.

You collected 126 gold pieces.

Inventory:

Hand Weapons
 a - a +3 glaive (weapon)
 b - a +0 hunting sling
 j - a +0 short sword of speed
Missiles
 l - 68 stones (quivered)
 p - 13 sling bullets
Armour
 f - a +0 robe (worn)
Scrolls
 d - 2 scrolls of teleportation
 e - 2 scrolls of remove curse
 h - a scroll of random uselessness {unknown}
 k - a scroll of immolation {unknown}
 m - a scroll of identify {unknown}
 n - a scroll of recharging {unknown}
 o - a scroll of amnesia {unknown}
Potions
 s - 2 potions of brilliance
 t - a potion of agility {unknown}
Books
 q - a book of Frost

   Spells                             Type                      Level
   a - Freeze                         Ice                          1
   b - Throw Frost                    Conjuration/Ice              2
   c - Ozocubu's Armour               Charms/Ice                   3
   d - Throw Icicle                   Conjuration/Ice              4
   e - Summon Ice Beast               Ice/Summoning                4
Comestibles
 c - 2 bread rations
 g - a meat ration
 i - a chunk of flesh


   Skills:
 + Level 4.5 Polearms
 - Level 2.6 Dodging
 - Level 2.1 Stealth
 - Level 2.0 Spellcasting
 - Level 0.7 Conjurations
 + Level 6.8 Ice Magic


You had 6 spell levels left.
You knew the following spells:

 Your Spells              Type           Power        Failure   Level  Hunger
a - Freeze                Ice            ###.         1%          1    #......
b - Throw Frost           Conj/Ice       ##....       7%          2    ###....


Dungeon Overview and Level Annotations

Branches:
Dungeon (4/15)
 Temple: D:4-7

Altars:

Annotations:
D:2 Natasha


Message History

The orc barely misses you. The orc wizard closely misses you.
The orc barely misses you.
You barely miss the orc wizard.
The orc wizard is almost dead.
The orc wizard points at you and mumbles some strange words.
The puff of frost hits you!
* * * LOW HITPOINT WARNING * * *
The orc wizard gestures at you while chanting.
The puff of flame hits you!
* * * LOW HITPOINT WARNING * * *
The orc barely misses you.
You feel better. The orc wizard barely misses you. The orc barely misses you.
The orc wizard misses you.
The orc wizard hits you but does no damage.
You see here an orc corpse.
The orc wizard hits you with a dagger.
* * * LOW HITPOINT WARNING * * *
The orc wizard points at you and mumbles some strange words.
The puff of frost hits you!
You die...

##.....##.######
.................
##..#####.#######
. #### #..# ..
######o.. ...
.......### ..(.
#...### .....
###oo.####.....?
###.o@.รท......
######......
..... .... ... ..
.


You could see an orc wizard and 2 orcs.

Vanquished Creatures
  An ogre (D:4)
  A scorpion (D:4)
  A hound (D:4)
  An orc priest (D:4)
  5 adders
  An ooze (D:2)
  4 worms
  2 dart slugs
  4 orcs (D:3)
  2 giant cockroaches (D:2)
  8 goblins
  3 hobgoblins
  12 jackals
  A quokka (D:2)
  5 bats
  6 frilled lizards
  10 kobolds
  A quokka skeleton (D:4)
  4 rats
72 creatures vanquished.

Notes
Turn   | Place    | Note
-------+----------+-------------------------------------------
     0 | D:1      | Lici the Merfolk Ice Elementalist began the quest for the Orb.
     0 | D:1      | Reached XP level 1. HP: 13/13 MP: 3/3
   207 | D:1      | Reached XP level 2. HP: 12/19 MP: 1/5
   413 | D:1      | Reached skill level 4 in Ice Magic
   841 | D:2      | Noticed Natasha
   944 | D:1      | Learned a level 2 spell: Throw Frost
  1168 | D:2      | Reached XP level 3. HP: 23/24 MP: 1/6
  1465 | D:2      | Reached skill level 5 in Ice Magic
  1540 | D:2      | Reached XP level 4. HP: 29/30 MP: 7/7
  2199 | D:3      | Reached skill level 1 in Polearms
  2938 | D:4      | Reached skill level 6 in Ice Magic
  2938 | D:4      | Reached XP level 5. HP: 30/35 MP: 3/8
  3196 | D:4      | Noticed an ogre
  3205 | D:4      | Killed an ogre
  3205 | D:4      | Reached XP level 6. HP: 20/41 MP: 9/9
  3553 | D:4      | HP: 2/41 [orc wizard/puff of flame (5)]
  3558 | D:4      | Killed from afar by an orc wizard

Skill      XL: |  1  2  3  4  5 |
---------------+----------------+-----
Ice Magic      | 4 5 6 |  6.8
Polearms       | 2 4 |  4.5
Dodging        | |  2.6
Stealth        | |  2.1
Spellcasting   | |  2.0
Conjurations   | |  0.7

Action                   |  1- 3 |  4- 6 || total
-------------------------+-------+-------++-------
Melee: Unarmed           |     8 |       ||     8
       Short sword       |     4 |    11 ||    15
       Glaive            |       |    52 ||    52
 Fire: Hunting sling     |    17 |    65 ||    82
 Cast: Freeze            |    48 |    26 ||    74
       Throw Frost       |     1 |     5 ||     6
  Use: Potion            |       |     5 ||     5
       Scroll            |       |     2 ||     2
  Eat: Chunk             |     3 |     7 ||    10
Armor: Robe              |     5 |    15 ||    20
Dodge: Dodged            |    34 |    62 ||    96
